 Dungeon Crawl Stone Soup version 0.30-b1-2-g02819fbbbe (webtiles) character file.

Game seed: 1989088701589979864

55 Alarkh the Sneak (level 3, -6/29 HPs)
             Began as a Demonspawn Delver on July 5, 2023.
             Mangled by Terence
             ... wielding a +0 flail
              (10 damage)
             ... on level 4 of the Dungeon.
             The game lasted 00:04:35 (1114 turns).

Alarkh the Sneak (Demonspawn Delver)                Turns: 1114, Time: 00:04:35

Health: -6/29      AC:  5    Str: 12    XL:     3   Next: 67%
Magic:  3/3        EV: 15    Int: 13    God:
Gold:   53         SH:  0    Dex: 14    Spells: 2/2 levels left

rFire   . .          .
                       - Unarmed
rCold   . . .        (no shield)
rNeg    . . .        d - +2 robe {Will+}
rPois   .            (no helmet)
rElec   .            (no cloak)
rCorr   .            (no gloves)
SInv    .            j - +0 pair of boots
Will    .....        e - amulet of magic regeneration
Stlth   +++          (no ring)
HPRegen 0.24/turn    (no ring)
MPRegen 0.48/turn

%: no passive effects
@: weak-willed
A: repulsion field 2
a: no special abilities


You were on level 4 of the Dungeon.
You visited 1 branch of the dungeon, and saw 3 of its levels.

You collected 53 gold pieces.

Inventory:

Armour
 a - a +0 leather armour
 d - a +2 robe of willpower (worn)
 g - a +0 ring mail
 j - a +0 pair of boots (worn)
Jewellery
 e - an amulet of magic regeneration (around neck)
Wands
 f - a wand of digging (3)
Scrolls
 b - a scroll of fog
Potions
 m - a potion of curing


   Skills:
 - Level 3.0 Fighting
 - Level 1.7 Dodging
 - Level 4.5 Stealth
 + Level 3.7 Unarmed Combat


You had 2 spell levels left.
You didn't know any spells.
Your spell library was empty.

Dungeon Overview and Level Annotations

Branches:
Dungeon (5/15)
 Temple: D:4-7

Altars:
Kikubaaqudgha

Annotations:
D:4 Terence


Innate Abilities, Weirdness & Mutations

You are surrounded by a moderate repulsion field. (EV +3)


Message History

You hit Terence but do no damage. Terence completely misses you.
Terence completely misses you.
You closely miss Terence. Terence barely misses you. Terence barely misses you.
You're too confused to move!
You feel less invigorated.
You feel less confused. Terence barely misses you.
You hit Terence but do no damage. Terence hits you with a +0 flail.
You barely miss Terence. Terence misses you.
You hit Terence.
Terence is lightly wounded.
Terence hits you with a +0 flail!
You completely miss Terence.
Terence is lightly wounded.
Terence misses you.
You hit Terence but do no damage.
Terence is lightly wounded.
Terence barely misses you.
You barely miss Terence.
Terence is lightly wounded.
Terence hits you with a +0 flail.
Okay, then.
Okay, then.
Okay, then.
As you read the scroll labelled MUOBAXIVETZI, it crumbles to dust.
You hear a loud clanging noise!
It was a scroll of noise.
Terence completely misses you.
As you read the scroll labelled DAAKKI RETHRA, it crumbles to dust.
Magic quickly surges around you.
It was a scroll of vulnerability.
Terence barely misses you.
As you read the scroll labelled LEAJOU CUIVVADDO, it crumbles to dust.
The creatures around you are filled with an inner flame!
It was a scroll of immolation.
Terence hits you with a +0 flail!
* * * LOW HITPOINT WARNING * * *
As you read the scroll labelled ZIUTUA PULIDGH, it crumbles to dust.
It is a scroll of amnesia.
You feel forgetful for a moment. Terence hits you with a +0 flail.
* * * LOW HITPOINT WARNING * * *
Terence attacks as you move away! Terence hits you with a +0 flail!
You die...

## #. #. ###########
###########.
#.........####.......<...
#>........<....#########.
#.......@@###### #.
#####.##### #. #.# ######
#. #.# #....##########.
#.# #...............
######.#######...#######..
#.<........# ###..........
#..........###....######)#
#..............#..### #.#


You could see Terence (inner flame, weak-willed).

Vanquished Creatures
  An orc wizard (D:4)
  2 adders
  4 orcs
  2 endoplasms (D:4)
  A goblin (D:4)
10 creatures vanquished.

Notes
Turn   | Place    | Note
-------+----------+-------------------------------------------
     0 | D:5      | Alarkh the Demonspawn Delver began the quest for the Orb.
     0 | D:5      | Reached XP level 1. HP: 18/18 MP: 1/1
     8 | D:5      | Noticed a scorpion
    34 | D:5      | Gained mutation: You are surrounded by a mild repulsion
                  | field. (EV +2) [demonic ancestry]
    34 | D:5      | Reached XP level 2. HP: 12/24 MP: 2/2
   100 | D:5      | Noticed a phantom
   549 | D:4      | Found an ancient bone altar of Kikubaaqudgha.
   574 | D:4      | Noticed a scorpion
   757 | D:4      | Gained mutation: You are surrounded by a moderate repulsion
                  | field. (EV +3) [demonic ancestry]
   757 | D:4      | Reached XP level 3. HP: 26/29 MP: 3/3
   816 | D:4      | HP: 1/29 [something/magic dart (9)]
  1091 | D:3      | Noticed Terence
  1114 | D:4      | Mangled by Terence

Illustrated notes

Levels and vault maps discovered:
D:3:      layout_loops_ring, uniq_terence
D:4:      layout_rooms, kiku_gazebo_pond_becter
D:5:      kennysheep_spiral_hall, layout_layer_cave,
          mainiacjoe_overflow_surrounded_room, gammafunk_ghost_icy

Skill      XL: |  1  2 |
---------------+-------+-----
Unarmed Combat | 2 3 |  3.7
Fighting       | |  3.0
Dodging        | |  1.7
Stealth        | |  4.5

Action                     || total
---------------------------++-------
  Melee: Unarmed           ||    70
         Punch             ||     2
    Use: Potion            ||     3
         Scroll            ||     6
   Stab: Sleeping          ||     2
 Armour: Leather armour    ||     1
         Ring mail         ||     6
         Robe              ||     1
  Dodge: Dodged            ||    34
